 Dungeon Crawl Stone Soup version 0.21.0-3-g78d12a8 (webtiles) character file.

91 Haldmier the Vexing (level 4, -4/30 HPs)
             Began as a Mummy Enchanter on Jan 18, 2018.
             Was an Initiate of Ashenzari.
             Slain by a gnoll (6 damage)
             ... on level 2 of the Dungeon.
             The game lasted 00:10:44 (3266 turns).

Haldmier the Vexing (Mummy Enchanter)               Turns: 3266, Time: 00:10:45

Health: -4/30      AC:  2    Str: 11    XL:     4   Next: 34%
Magic:  8/8        EV: 12    Int: 15    God:    Ashenzari [......]
Gold:   118        SH:  0    Dex: 12    Spells: 2/8 levels left

rFire    x . .     SeeInvis .   e - +0 dagger (protect)
rCold    + . .     Gourm    .   (no shield)
rNeg     + + +     Faith    .   b - +0 robe
rPois    ∞         Spirit   .   (no helmet)
rElec    .         Reflect  .   (no cloak)
rCorr    .         Harm     .   (no gloves)
MR       .....                  (no boots)
Stlth    ++........             j - amulet of magic regeneration
HPRegen  0.10/turn              (no ring)
MPRegen  0.36/turn              (no ring)

@: no status effects
A: no food or potions, fire vulnerability, cold resistance 1, negative energy
resistance 3, torment resistance, unbreathing
a: Curse Item, Renounce Religion


You were on level 2 of the Dungeon.
You worshipped Ashenzari.
Ashenzari was noncommittal.
You were not hungry.

You visited 1 branch of the dungeon, and saw 3 of its levels.

You collected 118 gold pieces.

Inventory:

Hand Weapons
 a - a +1 dagger
 e - a +0 dagger of protection (weapon)
Armour
 b - a +0 robe (worn)
Jewellery
 j - an amulet of magic regeneration (around neck)
Scrolls
 d - 2 scrolls of identify
 f - 4 scrolls of teleportation
 g - a scroll of immolation
 h - 2 scrolls of remove curse
 i - a scroll of random uselessness {unknown}
 k - a scroll of blinking {unknown}
Books
 c - a book of Maledictions

   Spells                             Type                      Level
   a - Corona                         Hexes                        1
   b - Ensorcelled Hibernation        Hexes/Ice                    2
   c - Confuse                        Hexes                        3
   d - Tukima's Dance                 Hexes                        3
   e - Dazzling Spray                 Conjuration/Hexes            3


   Skills:
 * Level 2.2 Short Blades
 - Level 1.5 Dodging
 + Level 3.0 Stealth
 - Level 2.6 Spellcasting
 + Level 3.2 Hexes
 + Level 1.0 Ice Magic


You had 2 spell levels left.
You knew the following spells:

 Your Spells              Type           Power        Failure   Level  Hunger
a - Corona                Hex            ##.....      5%          1    N/A
b - Ensorcelled Hibernat  Hex/Ice        #.....       13%         2    N/A
c - Confuse               Hex            ##......     16%         3    N/A

Dungeon Overview and Level Annotations

Branches:
Dungeon (3/15)

Altars:
Ashenzari

Annotations:
D:2 phantom


Innate Abilities, Weirdness & Mutations

You do not eat or drink.
Your flesh is vulnerable to fire.
You are immune to poison.
Your flesh is cold resistant. (rC+)
You are immune to negative energy. (rN+++)
You are immune to unholy pain and torment.
You can survive without breathing.


Message History

The gnoll resists with some effort.
The gnoll hits you with a club.
* * * LOW HITPOINT WARNING * * *
The gnoll shouts! x2
The gnoll hits you but does no damage.
A giant cockroach comes into view.
The gnoll hits you but does no damage.
You barely miss the gnoll. The gnoll hits you.
* * * LOW HITPOINT WARNING * * *
The gnoll hits you with a club.
* * * LOW HITPOINT WARNING * * *
Found 10 gold pieces.
There is a stone staircase leading up here.
The gnoll hits you.
* * * LOW HITPOINT WARNING * * *
You climb upwards.
Level annotation: phantom
There is a stone staircase leading down here.
The gnoll hits you.
You die...

..########.#...#.......#.#
.####....#.#...........#.#
.........#.###.##......#.#
.........#....)........#.#
#...#....#####.#.......#.#
#...###.##.#.#.##......#.#
#...# #....#.#(##......#.#
#...# ###.#..###########.#
#...#####.#.##.g@........#
'...'...#)#.#.>###########
........#.#.#.##
.######.#.#.#.# .#
#.#...#.# .# #.#####.# .#
#.......# ## #########


You could see a gnoll.

Vanquished Creatures
  2 gnolls (D:3)
  2 adders (D:2)
  3 worms (D:2)
  3 dart slugs
  2 bats (D:3)
  4 giant cockroaches
  6 goblins
  5 hobgoblins
  6 kobolds
  2 ball pythons
  2 frilled lizards
  3 rats
40 creatures vanquished.

Notes
Turn   | Place    | Note
-------+----------+-------------------------------------------
     0 | D:1      | Haldmier the Mummy Enchanter began the quest for the Orb.
     0 | D:1      | Reached XP level 1. HP: 13/13 MP: 4/4
    77 | D:1      | Reached skill level 1 in Short Blades
   223 | D:1      | Reached XP level 2. HP: 17/19 MP: 5/5
   231 | D:1      | Learned a level 2 spell: Ensorcelled Hibernation
  1129 | D:2      | Reached XP level 3. HP: 24/24 MP: 2/7
  1396 | D:2      | Found a shattered altar of Ashenzari.
  1442 | D:2      | Became a worshipper of Ashenzari the Shackled
  1672 | D:2      | Noticed a phantom
  1900 | D:2      | Learned a level 3 spell: Confuse
  2547 | D:2      | Reached XP level 4. HP: 30/30 MP: 8/8
  3013 | D:3      | Reached skill level 1 in Ice Magic
  3266 | D:2      | Slain by a gnoll

Skill      XL: |  1  2  3  4 |
---------------+-------------+-----
Short Blades   | 1 2 |  2.2
Hexes          | 3 |  3.2
Ice Magic      | 1 |  1.0
Stealth        | 3 |  3.0
Dodging        | |  1.5
Spellcasting   | |  2.6

Action                   |  1- 3 |  4- 6 || total
-------------------------+-------+-------++-------
Melee: Dagger            |   136 |    39 ||   175
 Cast: Corona            |    22 |       ||    22
       Ensorcelled Hiber |    11 |     6 ||    17
       Confuse           |     2 |     1 ||     3
  Use: Scroll            |       |     2 ||     2
 Stab: Sleeping          |    13 |       ||    13
       Confused          |     2 |       ||     2
Armor: Robe              |    17 |    11 ||    28
Dodge: Dodged            |    57 |    31 ||    88
